[Event "*** Titled Tuesday Blitz"]
[Site "Chess.com"]
[Date "2021.03.09"]
[Round "7"]
[White "BvsN"]
[Black "witcher8"]
[Result "1-0"]
[WhiteElo "2323"]
[BlackElo "2446"]
[TimeControl "180+1"]
[EndTime "11:21:27 PST"]
[Termination "BvsN won by resignation"]

1. c4 e5 2. Nc3 Nc6 3. Nf3 f5 4. g3 g6 5. d4 e4 6. Nh4 Bg7 7.
e3 Nf6 8. Ng2 O-O 9. Nf4 Ne7 10.
h4 c6 11. Qb3 Kh8 12. h5 g5 13.
h6 gxf4 14. hxg7+ Kxg7 15. gxf4 d5 16. Bd2 Qb6 17. Qc2 Be6 18. Na4 Qc7 19. Nc5 Bf7 20.
cxd5 Nexd5 21. Bh3 b6 22. Nb3 Be6 23. O-O-O h5 24.
Rdg1+ Ng4 25. Bf1 Rh8 26. f3 exf3 27. e4 Nxf4 28. d5 fxe4 29. dxe6 Kf8 30. Qxe4 Ne2+ 31. Bxe2 fxe2 32. Rxg4 hxg4 33. Rxh8+ Kg7 34. Rh7+ 1-0

[Event "*** Titled Tuesday Blitz"]
[Site "Chess.com"]
[Date "2021.03.09"]
[Round "7"]
[White "TimKett"]
[Black "queen_iryna"]
[Result "1/2-1/2"]
[WhiteElo "2209"]
[BlackElo "2346"]
[TimeControl "180+1"]
[EndTime "11:21:27 PST"]
[Termination "Game drawn by agreement"]

1. e4 d6 2. d4 Nf6 3. Nc3 e5 4. Nf3 Nbd7 5. g4 d5 6. Nxe5 Bb4 7. exd5 Nxd5 8. Bd2 Nxe5 9. dxe5 Nxc3 10. Bxc3 Qxd1+ 11. Rxd1 Bxc3+ 12. bxc3 Bxg4 13. Be2 Be6 14. Bf3 c6 15. a3 Ke7 16. Rd4 Rhd8 17. Ke2 Bf5 18. Rb1 b6 19. Bxc6 Rac8 20. Rxd8 Kxd8 21. Rd1+ Ke7 22. Rd6 Rd8 23. Rxd8 Kxd8 24. Ke3 Bxc2 25. Kd4 Ke7 26. c4 g5 27. c5 Bb3 28. cxb6 axb6 29. Bd5 Ba4 30.
Ke4 Bc2+ 31. Kd4 f6 32. Bc4 f5 33. Bd3 Bb3 34. Bxf5 h6 35. Be4 Ke6 36. Bc6 Ba2 1/2-1/2

[Event "*** Titled Tuesday Blitz"]
[Site "Chess.com"]
[Date "2021.03.09"]
[Round "7"]
[White "Fore_Man"]
[Black "Vamostodorecto"]
[Result "1-0"]
[WhiteElo "2267"]
[BlackElo "2354"]
[TimeControl "180+1"]
[EndTime "11:21:27 PST"]
[Termination "Fore_Man won on time"]

1. d4 Nf6 2. c4 c5 3. d5 e6 4. Nc3 exd5 5. cxd5 d6 6. e4 g6 7. Nf3 Bg7 8. h3 O-O 9. Bd3 a6 10. a4 Re8 11. O-O b6 12. Bg5 Ra7 13. Re1 Rae7 14.
Nd2 h6 15. Bf4 Nh5 16. Bh2 Nd7 17. Bxd6 Ne5 18. Bxe7 Qxe7 19. Be2 Nf4 20. Nf3 Nxf3+ 21. Bxf3 Qg5 22. Kf1 Bd4 23. Ne2 Bxh3 24. Nxf4 Qxf4 25. gxh3 Qh2 26. Bg2 Re5 27. Qf3 Rg5 28. d6 Qxd6 29.
Rad1 Qe5 30. b3 b5 31. axb5 axb5 32. Re2 Kg7 33. Ra2 c4 34. bxc4 bxc4 35. Rad2 Bb6 36.
Rd7 Qe8 37. Rb7 Rb5 38. Qc3+ Kg8 39. Rdd7 Rb1+ 40. Ke2 Ba5 41. Qxa5 Rxb7 42. Rxb7 Qxe4+ 43. Bxe4 1-0

[Event "*** Titled Tuesday Blitz"]
[Site "Chess.com"]
[Date "2021.03.09"]
[Round "7"]
[White "canary2016"]
[Black "LubovMarkelova"]
[Result "0-1"]
[WhiteElo "2054"]
[BlackElo "2228"]
[TimeControl "180+1"]
[EndTime "11:21:27 PST"]
[Termination "LubovMarkelova won by checkmate"]

1. d4 d5 2. Bf4 c5 3. e3 Nf6 4. c3 Nc6 5. Nd2 Bf5 6. Ngf3 Qb6 7. Nh4 Bg4 8. Qb3 c4 9. Qc2 e6 10. h3 Bh5 11. g4 Bg6 12. Nxg6 hxg6 13. Bg2 Qd8 14.
O-O-O b5 15. e4 b4 16. exd5 exd5 17. Rhe1+ Be7 18. g5 Nh5 19. Bh2 bxc3 20. Qxc3 O-O 21. h4 Bb4 22. Qc2 Nxd4 23. Qb1 Rc8 24. Be5 Nb3+ 25. axb3 cxb3+ 26. Bc3 d4 27. Ne4 Bxc3 28. bxc3 Qb6 29. Qb2 Nf4 30. Bf3 Nd5 31. Rd3 dxc3 32.
Nxc3 Nb4 33. Rde3 Na2+ 34. Kb1 Nxc3+ 35. Rxc3 Rxc3 36. Qxc3 Qxf2 37. Rh1 Qa2+ 38. Kc1 b2+ 39. Qxb2 Rc8+ 40. Kd1 Qxb2 41. Be4 Rc1# 0-1

[Event "*** Titled Tuesday Blitz"]
[Site "Chess.com"]
[Date "2021.03.09"]
[Round "7"]
[White "IMVoja"]
[Black "Mikhail_Golubev"]
[Result "0-1"]
[WhiteElo "2406"]
[BlackElo "2570"]
[TimeControl "180+1"]
[EndTime "11:21:28 PST"]
[Termination "Mikhail_Golubev won on time"]

1. e4 c5 2. Nf3 d6 3. Bb5+ Nc6 4. Bxc6+ bxc6 5. h3 e5 6. O-O Nf6 7. Re1 Be7 8. c3 O-O 9. d4 cxd4 10. cxd4 exd4 11.
Nxd4 Bd7 12. Nc3 Re8 13. Bf4 Qb6 14. b3 Rad8 15. Rc1 c5 16. Nc2 Bc6 17. f3 d5 18.
exd5 Nxd5 19. Nxd5 Rxd5 20. Qe2 Bf8 21. Qf2 Red8 22.
Ne3 Rd2 23. Re2 Rxe2 24. Qxe2 Re8 25. Qf2 Bb5 26. Nc4 Qf6 27. Be3 Qf5 28. Re1 Bxc4 29. bxc4 Qd3 30. Re2 Qxc4 31. Rc2 Qa4 32. Bxc5 Rc8 33.
Rc1 g6 0-1

[Event "*** Titled Tuesday Blitz"]
[Site "Chess.com"]
[Date "2021.03.09"]
[Round "7"]
[White "SilviusTiberius"]
[Black "AlexeiShirov"]
[Result "0-1"]
[WhiteElo "2521"]
[BlackElo "2848"]
[TimeControl "180+1"]
[EndTime "11:21:29 PST"]
[Termination "AlexeiShirov won by resignation"]

1. e4 e5 2. Nf3 Nc6 3. Bb5 a6 4. Ba4 Nf6 5. O-O b5 6. Bb3 Bc5 7. c3 d6 8. d4 Bb6 9. Be3 O-O 10. Nbd2 Bg4 11. dxe5 Bxe3 12. exf6 Bxd2 13. fxg7 Kxg7 14. Qxd2 Bxf3 15. gxf3 Kh8 16. Kh1 Qf6 17. f4 Rae8 18.
f3 Rg8 19. Rg1 Rg6 20. f5 Rh6 21. Rg3 Rg8 22. Rxg8+ Kxg8 23. Rg1+ Kf8 24. f4 Qh4 25. Rg2 Qh3 26. Qe2 Rh4 27. Qf2 Rg4 28. Bd1 Rxg2 29. Qxg2 Qe3 30. Qf3 Qe1+ 31. Kg2 Qd2+ 32. Be2 Qxb2 33.
e5 dxe5 34. fxe5 Nxe5 35. Qe3 Ng4 36. Qc5+ Kg7 37. Qd4+ Nf6 38. Kf2 Qxa2 39. Qf4 h6 40. Qg3+ Kh7 41. Qe5 Ng4+ 0-1

[Event "*** Titled Tuesday Blitz"]
[Site "Chess.com"]
[Date "2021.03.09"]
[Round "7"]
[White "Bastiandash"]
[Black "Beca95"]
[Result "0-1"]
[WhiteElo "2467"]
[BlackElo "2865"]
[TimeControl "180+1"]
[EndTime "11:21:29 PST"]
[Termination "Beca95 won on time"]

1. d4 Nf6 2. Nf3 e6 3. c3 b6 4. Bg5 Bb7 5. Nbd2 d5 6. e3 Nbd7 7. Bd3 Be7 8. O-O Ne4 9. Bxe7 Qxe7 10. Ne5 Nxe5 11. dxe5 O-O-O 12. Qe2 Kb8 13. Rad1 f6 14. exf6 gxf6 15. Nxe4 dxe4 16. Ba6 Bd5 17. c4 Bc6 18.
Rxd8+ Rxd8 19. Rd1 Rd7 20. Bb5 Bxb5 21. cxb5 Qd8 22.
Rxd7 Qxd7 23. h3 f5 24. Qc4 Kb7 25. a4 c6 26. bxc6+ Qxc6 27. Qd4 Ka6 28. b4 Qxa4 29.
Qc4+ Kb7 30. g3 Qd7 31. Kg2 a5 32. bxa5 bxa5 33. Qb3+ Ka7 34. Qc3 Qd5 35. Qc2 Kb6 36. Qb2+ Kc6 37. Qc3+ Kb5 38. h4 h5 39. Qa3 a4 40.
Qb2+ Ka6 41. Qb4 Qb3 42. Qd6+ Kb5 43. Qe5+ Kb4 44. Qd6+ Kc3 45. Qd4+ Kc2 46. Qc5+ Kb1 47. g4 a3 48. gxh5 a2 49. h6 a1=Q 50. Qc7 Qh8 0-1

[Event "*** Titled Tuesday Blitz"]
[Site "Chess.com"]
[Date "2021.03.09"]
[Round "7"]
[White "Mrlammy"]
[Black "Lion-Al-Messi"]
[Result "0-1"]
[WhiteElo "2310"]
[BlackElo "2486"]
[TimeControl "180+1"]
[EndTime "11:21:29 PST"]
[Termination "Lion-Al-Messi won by checkmate"]

1. e4 e6 2. d4 d5 3. Nd2 c5 4. Ngf3 cxd4 5. Nxd4 Nc6 6. Bb5 Bd7 7. Nxc6 bxc6 8. Be2 Bd6 9. O-O Ne7 10. b3 O-O 11.
Bb2 Qc7 12. h3 e5 13. Bf3 f5 14. exd5 cxd5 15. c4 d4 16. Bxa8 Rxa8 17. Re1 Ng6 18.
Qf3 Rf8 19. Qd5+ Kh8 20. c5 Qxc5 21. Qxc5 Bxc5 22. Nc4 e4 23. Rad1 d3 24. Ba3 Bxa3 25. Nxa3 Nf4 26. f3 Bc6 27. fxe4 fxe4 28. Nc4 Ne2+ 29.
Kh2 Bd5 30. Rd2 Rf2 31. Ne3 Be6 32. Nd1 Rf6 33. Rdxe2 dxe2 34. Rxe2 Bf5 35. Nf2 Re6 36.
g4 Bg6 37. Re3 h6 38. Kg3 Kg8 39. Kf4 Rf6+ 40. Kg3 Ra6 41. Nxe4 Rxa2 42. Nc5 Rb2 43. Re7 a5 44. Ra7 Ra2 45. b4 Ra3+ 46. Kf4 axb4 47. Rxa3 bxa3 48. Nb3 a2 49. Na1 Bf7 50.
h4 g6 51. g5 h5 52. Ke5 Kg7 53. Nc2 Bg8 54. Na1 Kf7 55. Nc2 Ke7 56. Na1 Kd7 57. Kf6 Bd5 58. Kxg6 Bf3 59. Kf7 Bd5+ 60. Kf6 Kc6 61. g6 Kc5 62. g7 Kd4 63. Kg6 Kc3 64.
Kxh5 Kb2 65. Kg6 Kxa1 66. h5 Kb2 67. h6 a1=Q 68. h7 Qb1+ 69. Kf6 Qxh7 70. g8=Q Qxg8 71. Ke5 Qe6+ 72. Kf4 Qe4+ 73. Kg3 Qf5 74. Kh2 Qg5 75. Kh3 Bc6 76. Kh2 Qg2# 0-1

[Event "*** Titled Tuesday Blitz"]
[Site "Chess.com"]
[Date "2021.03.09"]
[Round "7"]
[White "DFeco"]
[Black "bazar-wokzal"]
[Result "1-0"]
[WhiteElo "2306"]
[BlackElo "2463"]
[TimeControl "180+1"]
[EndTime "11:21:29 PST"]
[Termination "DFeco won by resignation"]

1. c4 f6 2. g3 e5 3. Bg2 Bc5 4.
Nc3 Ne7 5. e3 Nbc6 6. Nge2 a5 7.
d4 Ba7 8. O-O O-O 9. d5 Nb8 10.
d6 cxd6 11. Qxd6 Nbc6 12. Nb5 Bb8 13. Qd1 d6 14. Nec3 Be6 15. b3 Qd7 16. Ba3 Rd8 17.
Ne4 d5 18. Nc5 Qc8 19. Nxe6 Qxe6 20. cxd5 Nxd5 21. Qf3 f5 22. Bh3 Nde7 23. e4 g6 24. Rfd1 Nd4 25. Nxd4 exd4 26. Bxe7 Qxe7 27. exf5 Ba7 28.
fxg6 hxg6 29. Re1 Qg7 30. Be6+ Kh8 31. Re4 g5 32. Rd1 d3 33. Qh5+ Qh7 34. Qxg5 Qxe4 35.
Qf6+ Kh7 36. Bf5+ Qxf5 37. Qxf5+ Kg7 38. Rxd3 Rf8 39. Rd7+ 1-0

[Event "*** Titled Tuesday Blitz"]
[Site "Chess.com"]
[Date "2021.03.09"]
[Round "7"]
[White "pfalcon1949"]
[Black "InitiatingASC"]
[Result "0-1"]
[WhiteElo "2057"]
[BlackElo "2415"]
[TimeControl "180+1"]
[EndTime "11:21:30 PST"]
[Termination "InitiatingASC won on time"]

1. c4 Nf6 2. Nc3 e6 3. g3 d5 4. cxd5 exd5 5. Bg2 c6 6. d3 Be7 7. Nf3 O-O 8. O-O Nbd7 9. Bg5 Re8 10. Rc1 Bf8 11.
Qc2 h6 12. Bd2 Ne5 13. Nxe5 Rxe5 14. a3 Bg4 15. Bf4 Re8 16. h3 Bh5 17. Rfe1 a5 18. Kh2 Nd7 19. Na4 b5 20. Nc3 Nc5 21. Nb1 Ra6 22. Be3 Ne6 23. Bd2 b4 24. axb4 axb4 25.
e3 c5 26. Qb3 Rd6 27. Qa4 Bg6 28. d4 Rb6 29. dxc5 Nxc5 30. Qd1 Nd3 31. Qg4 Nxf2 32. Qf3 Nd3 33. Qxd5 Qxd5 34. Bxd5 Nxe1 35. Rxe1 Rd6 36.
Bc4 Bxb1 37. Bxb4 Bd3 38. Bxd6 Bxc4 39. Bxf8 Kxf8 40. Rc1 Be6 41. g4 Rc8 0-1

[Event "*** Titled Tuesday Blitz"]
[Site "Chess.com"]
[Date "2021.03.09"]
[Round "7"]
[White "Dave_ChessMate"]
[Black "federicosellitti"]
[Result "0-1"]
[WhiteElo "2400"]
[BlackElo "2529"]
[TimeControl "180+1"]
[EndTime "11:21:31 PST"]
[Termination "federicosellitti won by resignation"]

1. e4 c5 2. Nc3 Nc6 3. g3 g6 4. Bg2 Bg7 5. d3 e6 6. Be3 Nd4 7. Qd2 Rb8 8. Nd1 b5 9. c3 Nc6 10. Bxc5 d6 11. Be3 Nge7 12. Bh6 Bxh6 13. Qxh6 b4 14. Ne2 Ne5 15. Qe3 bxc3 16. bxc3 Ba6 17.
c4 N7c6 18. O-O Qb6 19. Qxb6 axb6 20. Nb2 b5 21. Rac1 bxc4 22. Nxc4 Bxc4 23. dxc4 Rb2 24.
Nf4 Ke7 25. c5 dxc5 26. Rxc5 Ra8 27. Rfc1 Raxa2 28. Nh3 Nd4 29. Rd1 Rd2 30. Rxd2 Ra1+ 31. Bf1 Nef3+ 32. Kg2 Nxd2 33. Bd3 N4f3 34. Nf4 g5 35.
Be2 Ne1+ 36. Kh3 gxf4 37. gxf4 Nxe4 38. Rc7+ Kf6 39. f3 Ra3 40. Kg4 Kg6 41. h4 Nf6+ 42.
Kg3 Nh5+ 43. Kf2 Nd3+ 44. Bxd3+ Rxd3 45. f5+ exf5 0-1

[Event "*** Titled Tuesday Blitz"]
[Site "Chess.com"]
[Date "2021.03.09"]
[Round "7"]
[White "davidkalashian"]
[Black "Mazanchenko_Dmitry"]
[Result "1-0"]
[WhiteElo "2578"]
[BlackElo "2163"]
[TimeControl "180+1"]
[EndTime "11:21:32 PST"]
[Termination "davidkalashian won by checkmate"]

1. e4 c5 2. Nc3 g6 3. Nf3 Nc6 4. d4 cxd4 5. Nxd4 Bg7 6. Be3 Nf6 7. Bc4 Qa5 8. O-O O-O 9. h3 Qb4 10. Bb3 Nxe4 11. Nxe4 Nxd4 12. c3 Ne2+ 13. Qxe2 Qxe4 14. Rad1 d6 15. Bd5 Qa4 16. Bd4 e6 17. Bxg7 Kxg7 18. Bb3 Qc6 19. h4 d5 20. h5 f6 21. f4 b5 22. Rf3 b4 23. Rg3 bxc3 24. bxc3 Bd7 25.
Bc2 Be8 26. Qg4 f5 27. Qe2 Qd6 28. Rf1 Bf7 29. Qd2 Rfc8 30. Kh2 Qc5 31. Qe2 d4 32. Bb3 dxc3 33. Rc1 Qd6 34. Qe3 Rc5 35. Rxc3 Rac8 36. Rd3 Qb6 37. Qd4+ e5 38. fxe5 Bxb3 39. e6+ Kg8 40.
hxg6 Bxe6 41. gxh7+ Kxh7 42. Qh4# 1-0

[Event "*** Titled Tuesday Blitz"]
[Site "Chess.com"]
[Date "2021.03.09"]
[Round "7"]
[White "KarateBaby"]
[Black "Diamantidis_13"]
[Result "0-1"]
[WhiteElo "2216"]
[BlackElo "2371"]
[TimeControl "180+1"]
[EndTime "11:21:32 PST"]
[Termination "Diamantidis_13 won on time"]

1. b3 Nf6 2. Bb2 b6 3. e3 Bb7 4. Nf3 g6 5. Bxf6 exf6 6. g3 f5 7. c4 Bg7 8. Nc3 Bxc3 9. dxc3 Qf6 10. Rc1 O-O 11. Bg2 d6 12. O-O Nd7 13. Qe2 a5 14. a3 Nc5 15. b4 Ne4 16. Nd4 Rfe8 17. Nb5 Re7 18. Qd3 h5 19. Rce1 Ba6 20. f3 Ng5 21. Nd4 c5 22. Nc6 Rc7 23. b5 Bb7 24. f4 Ne4 25. Bxe4 fxe4 26. Qxe4 Bxc6 27. bxc6 Qe6 28.
Qd5 Rac8 29. f5 gxf5 30. Rxf5 Rxc6 31. Rg5+ Kf8 32. Rxh5 R6c7 33. Qg5 Qg6 34. Qh4 Ke8 35. e4 Qe6 36. e5 d5 0-1

[Event "*** Titled Tuesday Blitz"]
[Site "Chess.com"]
[Date "2021.03.09"]
[Round "7"]
[White "Tactictic"]
[Black "Kildepiotr"]
[Result "0-1"]
[WhiteElo "2422"]
[BlackElo "2564"]
[TimeControl "180+1"]
[EndTime "11:21:33 PST"]
[Termination "Kildepiotr won by resignation"]

1. e4 g6 2. d4 Bg7 3. Nc3 c6 4. Nf3 d6 5. Bc4 Nf6 6. a4 O-O 7. O-O Bg4 8. h3 Bxf3 9. Qxf3 Nbd7 10. Bf4 e5 11. dxe5 dxe5 12. Be3 Qe7 13. Rfd1 Nc5 14. b3 Ne6 15. a5 Nh5 16. Bxe6 Qxe6 17. Na4 Nf6 18.
Nc5 Qe7 19. Rd2 Rfd8 20. Rad1 b6 21. axb6 axb6 22. Na4 b5 23. Bc5 Qe8 24. Nb6 Rxd2 25. Rxd2 Rd8 26. Rd3 Rxd3 27. Qxd3 Bf8 28. Bxf8 Qxf8 29.
Nd7 Nxd7 30. Qxd7 Qc5 31. Qd3 Kf8 32. c4 bxc4 33. Qxc4 Qxc4 34. bxc4 Ke7 35. Kf1 Kd6 36. Ke2 Kc5 37. Kd3 Kb4 38. h4 h6 39. g3 g5 40.
c5 Kxc5 41. Kc3 Kb5 42. Kb3 c5 43. Kc3 c4 44. f3 Kc5 45. h5 Kb5 46. f4 exf4 47.
gxf4 gxf4 48. e5 f3 49. Kd2 c3+ 50. Ke3 0-1

[Event "*** Titled Tuesday Blitz"]
[Site "Chess.com"]
[Date "2021.03.09"]
[Round "7"]
[White "MFBerna"]
[Black "crazy_but_lazy"]
[Result "1-0"]
[WhiteElo "2393"]
[BlackElo "2495"]
[TimeControl "180+1"]
[EndTime "11:21:33 PST"]
[Termination "MFBerna won by checkmate"]

1. e4 e6 2. d4 d5 3. Nd2 h6 4. Ngf3 Nf6 5. Bd3 c5 6. exd5 exd5 7. c3 Nc6 8. O-O c4 9. Re1+ Be6 10. Bf5 Qc8 11. Qe2 Nd8 12. Nf1 Be7 13. Ng3 g6 14. Bc2 Kf8 15. Ne5 Kg7 16. Bf4 h5 17. h3 h4 18. Nf1 Rh5 19. Ne3 Nc6 20. Qf3 Nh7 21. Nxd5 Nxe5 22. Bxe5+ Rxe5 23. Rxe5 Ng5 24. Qe3 Nxh3+ 25. gxh3 Bd6 26. Re1 Bxh3 27. Kh1 Be6 28. Bxg6 Bxd5+ 29. Rxd5 Kxg6 30. Qg5+ Kh7 31. Rxd6 Qh3+ 32.
Kg1 Rg8 33. Rh6# 1-0

[Event "*** Titled Tuesday Blitz"]
[Site "Chess.com"]
[Date "2021.03.09"]
[Round "7"]
[White "hellokostya"]
[Black "SHIVACalypso"]
[Result "1-0"]
[WhiteElo "2521"]
[BlackElo "2360"]
[TimeControl "180+1"]
[EndTime "11:21:34 PST"]
[Termination "hellokostya won by resignation"]

1. d4 e6 2. e4 d5 3. Nd2 Nf6 4. e5 Nfd7 5. Bd3 c5 6. c3 Nc6 7. Ne2 cxd4 8. cxd4 f6 9. exf6 Nxf6 10. Nf3 Bd6 11.
O-O O-O 12. Re1 Ne4 13. Ng3 Nxg3 14. hxg3 Bd7 15. Bxh7+ Kxh7 16. Ng5+ Kg6 17. Qg4 Qf6 18. Ne4+ Kh7 19. Nxf6+ Rxf6 20. Bg5 Rf5 21. a3 Raf8 22. Be3 Kg8 23. Rac1 Na5 24. Rc2 Nc4 25. Bh6 R8f7 26. Bc1 e5 27. dxe5 Rxe5 28. Qd1 Ref5 29. b3 Ne5 30.
Qxd5 Bb8 31. Qxb7 Nc6 32. Rxc6 Bxc6 33. Qxb8+ 1-0

[Event "*** Titled Tuesday Blitz"]
[Site "Chess.com"]
[Date "2021.03.09"]
[Round "7"]
[White "vladimirdamjanovic"]
[Black "NoGalloNoParty"]
[Result "0-1"]
[WhiteElo "2446"]
[BlackElo "2326"]
[TimeControl "180+1"]
[EndTime "11:21:34 PST"]
[Termination "NoGalloNoParty won on time"]

1. d4 Nf6 2. Nc3 d5 3. Bf4 c5 4.
e3 g6 5. Nb5 Na6 6. h3 Bg7 7. Nf3 O-O 8. Be2 Bd7 9. a4 Ne4 10.
O-O Bc6 11. c3 c4 12. Nd2 Nxd2 13. Qxd2 Qd7 14. Rfb1 f6 15. b3 cxb3 16. Rxb3 e5 17. Bg3 Nc7 18. Rd1 a6 19. Nxc7 Qxc7 20. c4 Qd7 21. dxe5 fxe5 22. cxd5 Bxa4 23. Bc4 Kh8 24. Rdb1 Bxb3 25. Bxb3 b5 26. Ba2 Rfc8 27. h4 a5 28. h5 b4 29. Rd1 a4 30. hxg6 hxg6 31. Qd3 Qf5 32. Qb5 b3 33. Bb1 Qf7 34. d6 a3 35. d7 Rcb8 36. Qd5 Qxd5 37. Rxd5 a2 38. Bxa2 bxa2 0-1

[Event "*** Titled Tuesday Blitz"]
[Site "Chess.com"]
[Date "2021.03.09"]
[Round "7"]
[White "eljanov"]
[Black "moro182"]
[Result "1/2-1/2"]
[WhiteElo "2853"]
[BlackElo "2710"]
[TimeControl "180+1"]
[EndTime "11:21:35 PST"]
[Termination "Game drawn - insufficient material"]

1. d4 g6 2. e4 Bg7 3. Nc3 d6 4. Be3 Nf6 5. f3 O-O 6. Qd2 e5 7. Nge2 exd4 8. Nxd4 d5 9. exd5 Nxd5 10. Nxd5 Qxd5 11.
Nb5 Qxd2+ 12. Kxd2 Rd8+ 13. Bd3 Na6 14. a3 c6 15. Nc3 Bf5 16. Rad1 Bxd3 17. cxd3 Nc7 18. Kc2 Nd5 19. Nxd5 Rxd5 20. Rhe1 Rd7 21. Bd2 Rad8 22. Bc3 c5 23. a4 b6 24. Re4 h5 25. g4 hxg4 26.
fxg4 Bd4 27. h4 Kg7 28. h5 Rd5 29. Re7 R8d7 30. Rxd7 Rxd7 31. Re1 gxh5 32. gxh5 Kh6 33. Rh1 Bxc3 34. bxc3 Re7 35. d4 cxd4 36. cxd4 f5 37. Kd3 f4 38. d5 f3 39. Rf1 Rf7 40. Ke3 Kxh5 41. Rxf3 Rxf3+ 42. Kxf3 Kg5 43. Ke4 Kf6 44. Kf4 Ke7 45. Ke5 Kd7 46. d6 a6 47. Kd5 b5 48.
axb5 axb5 49. Kc5 b4 50. Kxb4 Kxd6 1/2-1/2

[Event "*** Titled Tuesday Blitz"]
[Site "Chess.com"]
[Date "2021.03.09"]
[Round "7"]
[White "jaskol95"]
[Black "Chernov_Alexander_A"]
[Result "1-0"]
[WhiteElo "2429"]
[BlackElo "2271"]
[TimeControl "180+1"]
[EndTime "11:21:35 PST"]
[Termination "jaskol95 won by resignation"]

1. d4 Nf6 2. Bf4 d5 3. e3 a6 4. c3 e6 5. Nf3 Bd6 6. Bg3 c5 7. Nbd2 Qc7 8. Ne5 Nbd7 9. f4 b6 10. Bd3 Bb7 11. O-O O-O 12. Qf3 Rfe8 13. Bh4 Be7 14.
Qh3 Nf8 15. Bxf6 Bxf6 16. Ndf3 g6 17. g4 Bg7 18. g5 b5 19. Qg2 b4 20. h4 a5 21. h5 a4 22. a3 bxc3 23. bxc3 cxd4 24.
cxd4 Ba6 25. hxg6 fxg6 26. Rfc1 Qe7 27. Rc5 Bxd3 28. Nxd3 Nd7 29. Rc7 Rec8 30. Qc2 Qd8 31. Rc1 Rxc7 32. Qxc7 Qxc7 33. Rxc7 Nb6 34. Nc5 Nc4 35.
Nxe6 Bh8 36. Kf2 Nxa3 37. Nh2 Nc4 38. Ng4 Bxd4 39. exd4 a3 40. Nf6+ 1-0

[Event "*** Titled Tuesday Blitz"]
[Site "Chess.com"]
[Date "2021.03.09"]
[Round "7"]
[White "PrinceMurad09"]
[Black "anon102030"]
[Result "1-0"]
[WhiteElo "2573"]
[BlackElo "2680"]
[TimeControl "180+1"]
[EndTime "11:21:36 PST"]
[Termination "PrinceMurad09 won by resignation"]

1. e4 e5 2. Nf3 Nc6 3. Bc4 Bc5 4. O-O d6 5. h3 Nge7 6. d3 h6 7. c3 O-O 8. a4 a5 9. Nbd2 Kh8 10. Nb3 Bb6 11. d4 f5 12. exf5 Nxf5 13. dxe5 Ng3 14.
Re1 Nxe5 15. Nxe5 Bxf2+ 16. Kh2 dxe5 17. Qxd8 Rxd8 18. Rxe5 Nf5 19. Rd5 Be6 20. Rxd8+ Rxd8 21. Bf4 Bxc4 22. Nxa5 Bd5 23. Bxc7 Rd7 24. Rf1 Rxc7 25.
Rxf2 Ne3 26. Re2 Re7 27. c4 Nf1+ 28. Kg1 Rxe2 29. Kxf1 Rxg2 30. cxd5 Rxb2 31. d6 Rb6 32. Nc4 Ra6 33. d7 Ra8 34. Nd6 b6 35. Nc8 1-0

[Event "*** Titled Tuesday Blitz"]
[Site "Chess.com"]
[Date "2021.03.09"]
[Round "7"]
[White "LionChessClub"]
[Black "CraiggoryC"]
[Result "1-0"]
[WhiteElo "2618"]
[BlackElo "2307"]
[TimeControl "180+1"]
[EndTime "11:21:36 PST"]
[Termination "LionChessClub won on time"]

1. e4 d5 2. exd5 Nf6 3. d4 Bg4 4. Bb5+ Nbd7 5. Be2 Bxe2 6. Qxe2 Nxd5 7. c4 N5f6 8. Nf3 e6 9. O-O Be7 10. Nc3 O-O 11.
Bf4 c5 12. d5 exd5 13. cxd5 Re8 14. Rfe1 Bd6 15. Qd2 Nb6 16. Rxe8+ Nxe8 17. Bg5 Qd7 18.
Re1 f6 19. Bh4 Nc7 20. Rd1 Re8 21. Bg3 Bxg3 22. hxg3 Nc4 23. Qf4 Nd6 24. b4 cxb4 25.
Qxb4 b6 26. Nd4 Na6 27. Qa3 Nc5 28. Nc6 a5 29. Qb2 Qc7 30. Nb5 Nxb5 31. Qxb5 Ne4 32. Nxa5 Nd6 33. Qc6 Qxc6 34. Nxc6 Ra8 35. Rd2 b5 36. f3 Kf7 37. g4 h5 38. gxh5 Ra4 39.
Re2 Rh4 40. g4 f5 41. Ne5+ 1-0

[Event "*** Titled Tuesday Blitz"]
[Site "Chess.com"]
[Date "2021.03.09"]
[Round "7"]
[White "lamomiablanca"]
[Black "Anton_Demchenko"]
[Result "1-0"]
[WhiteElo "2427"]
[BlackElo "2854"]
[TimeControl "180+1"]
[EndTime "11:21:36 PST"]
[Termination "lamomiablanca won by resignation"]

1. e4 c5 2. d3 b6 3. g3 Bb7 4. Bg2 e6 5. f4 g6 6. Nf3 Bg7 7. O-O Ne7 8. c3 f5 9. Qe2 O-O 10. Na3 Nbc6 11. Nc4 fxe4 12. dxe4 Ba6 13. e5 Na5 14.
Nfd2 Nd5 15. Qe4 Kh8 16. Rd1 g5 17. Nxa5 bxa5 18. c4 Nb6 19. Nb3 Bxc4 20. Nxc5 Bd5 21. Qe2 gxf4 22. Bxf4 Rc8 23. Rac1 Qe7 24. Ne4 Rxc1 25.
Rxc1 Bxa2 26. Bg5 Qb4 27. Nf6 Qd4+ 28. Kh1 h6 29. Qc2 Bxf6 30. Bxf6+ Rxf6 31. exf6 Qxf6 32. b3 Qg5 33. Rf1 Qb5 34. Qxa2 a4 35. Qa1+ Kg8 36.
Qf6 Qg5 37. Qf8+ 1-0

[Event "*** Titled Tuesday Blitz"]
[Site "Chess.com"]
[Date "2021.03.09"]
[Round "7"]
[White "davigator"]
[Black "PotapovaM"]
[Result "1-0"]
[WhiteElo "2411"]
[BlackElo "2509"]
[TimeControl "180+1"]
[EndTime "11:21:36 PST"]
[Termination "davigator won by resignation"]

1. e4 c5 2. Nf3 d6 3. d4 cxd4 4. Nxd4 Nf6 5. Nc3 a6 6. Bg5 e6 7. f4 h6 8. Bh4 Qb6 9. a3 Be7 10. Bf2 Qc7 11. Qf3 b5 12. O-O-O Bb7 13. Bd3 Nbd7 14.
h4 h5 15. Rhe1 O-O-O 16. g3 Kb8 17. Kb1 Rc8 18. Na2 Nc5 19. Qe2 Ng4 20. Bg1 g6 21.
Nb4 Bf6 22. c3 Na4 23. Rc1 Nb6 24. Rcd1 Nd7 25. Bxb5 axb5 26. Nxb5 Qc4 27. Nxd6 Qxe2 28.
Rxe2 Rcd8 29. Nxf7 Kc7 30. Nxh8 Rxh8 31. e5 Be7 32.
Red2 Nb8 33. c4 g5 34. hxg5 h4 35. gxh4 Rxh4 36. Ka2 Be4 37. b3 Rh3 38. Ba7 Ne3 39.
Bxb8+ Kxb8 40. Re1 Bb7 41. Rde2 Nf5 42. Rd1 Bf3 43.
Rd3 Bc5 44. Red2 Rg3 45. Na6+ Kc8 46. Nxc5 Ne7 47. Nxe6 Nf5 48. Nd4 Kb7 49. Nxf5 1-0

[Event "*** Titled Tuesday Blitz"]
[Site "Chess.com"]
[Date "2021.03.09"]
[Round "7"]
[White "andrzej"]
[Black "zeitnot2006"]
[Result "0-1"]
[WhiteElo "2368"]
[BlackElo "2508"]
[TimeControl "180+1"]
[EndTime "11:21:37 PST"]
[Termination "zeitnot2006 won by resignation"]

1. e4 c6 2. d4 d5 3. exd5 cxd5 4. Bd3 Nc6 5. c3 h5 6. Nf3 Bg4 7. h3 Bxf3 8. Qxf3 e6 9. Bf4 Nf6 10. Nd2 Bd6 11. O-O Qc7 12. Bxd6 Qxd6 13. Rfe1 O-O 14.
Qe3 g6 15. Nf3 Ne7 16. Qg5 Nh7 17. Qh6 Nf5 18. Bxf5 exf5 19. Re5 Rfe8 20. Rae1 Rxe5 21. Rxe5 Qf8 22. Qxf8+ Kxf8 23. Rxd5 Nf6 24. Re5 Rd8 25. Kf1 Rd7 26. Re2 Ne4 27. Nd2 Nd6 28. f3 f6 29. Kf2 Kf7 30. Nb3 b6 31. Nd2 a5 32.
Nf1 f4 33. Nd2 Nf5 34. Nc4 Rb7 35. a4 Rb8 36. Na3 Ne3 37. g3 g5 38. Nc2 Nd1+ 39.
Kg2 Nxb2 40. gxf4 gxf4 41. Na3 Nd1 42. Nb5 Rg8+ 43. Kf1 Ne3+ 44. Rxe3 fxe3 45. Ke2 Rg3 46. Kxe3 Rxh3 47. d5 Rh1 48. c4 h4 49. Kf2 Rd1 50. Kg2 Rd3 51. d6 Ke6 52. Kh3 Rxf3+ 53. Kxh4 Rf4+ 54. Kg3 Rxc4 55. Kf3 Rxa4 56. Ke3 Rb4 57.
Nc7+ Kxd6 58. Ne8+ Kc5 59. Nxf6 a4 60. Nd7+ Kc4 61. Kd2 a3 62. Kc1 a2 63. Ne5+ Kb5 0-1

[Event "*** Titled Tuesday Blitz"]
[Site "Chess.com"]
[Date "2021.03.09"]
[Round "7"]
[White "stepakyedael"]
[Black "esrosenberg"]
[Result "1-0"]
[WhiteElo "2289"]
[BlackElo "2124"]
[TimeControl "180+1"]
[EndTime "11:21:39 PST"]
[Termination "stepakyedael won on time"]

1. d4 Nf6 2. c4 e6 3. Nf3 d5 4. e3 Bb4+ 5. Nc3 Ne4 6. Qc2 c5 7. a3 Qa5 8. axb4 Qxa1 9. Bd3 Nc6 10. O-O Nxb4 11. Qe2 Nxc3 12. bxc3 Qxc3 13. Bb1 Qxc4 14. Qd2 Nc6 15. dxc5 Qxc5 16. Bb2 Bd7 17. Rc1 Qb4 18. Bc3 Qg4 19. h3 Qh5 20. Kh2 O-O 21. Qd3 f5 22.
Rg1 Rad8 23. Bb2 Bc8 24. Qc3 e5 25. Nxe5 Nxe5 26. Qxe5 Rf7 27. g4 Qh4 28. Rg3 Qe7 29. Qd4 Qc7 30. Kg2 f4 31. Rf3 fxe3 32. Rxf7 Qxf7 33.
Qxe3 Rf8 34. Bd3 Qe6 35. Qd4 Rf7 36. f3 1-0